[Event "Early-Titled-Tuesday-Blitz-April-16-2024"]
[Site "Chess.com"]
[Date "2024.04.16"]
[Round "1"]
[White "Kobalia"]
[Black "NastyaHn"]
[Result "0-1"]
[WhiteElo "2803"]
[BlackElo "2481"]
[TimeControl "180+1"]
[EndTime "8:04:55 PDT"]
[Termination "NastyaHn won on time"]

1. e4 e6 2. d3 d5 3. Nd2 Nf6 4.
Ngf3 Be7 5. e5 Nfd7 6. d4 c5 7. c3 Nc6 8. Be2 O-O 9. O-O a5 10.
a4 b6 11. Bb5 Qc7 12. Re1 Ba6 13. Bxa6 Rxa6 14. Nf1 Rc8 15. Bg5 h6 16. Bxe7 Nxe7 17. Ng3 Raa8 18. Qe2 Nb8 19. h3 Nbc6 0-1

[Event "Early-Titled-Tuesday-Blitz-April-16-2024"]
[Site "Chess.com"]
[Date "2024.04.16"]
[Round "1"]
[White "soumeow"]
[Black "Meri-Arabidze"]
[Result "0-1"]
[WhiteElo "2382"]
[BlackElo "2688"]
[TimeControl "180+1"]
[EndTime "8:04:58 PDT"]
[Termination "Meri-Arabidze won by resignation"]

1. e4 c5 2. Nf3 e6 3. d4 cxd4 4. Nxd4 Nc6 5. Nc3 a6 6. Nxc6 bxc6 7. Bd3 d5 8. e5 Qc7 9. Qe2 c5 10. b3 Ne7 11. O-O g6 12. Na4 Bg7 13. f4 Bd7 14. Nb2 O-O 15. Kh1 a5 16. Be3 a4 17.
c4 d4 18. Bf2 axb3 19. axb3 Bc6 20. Bh4 Nf5 21. Bf2 Qb7 22. Bxf5 Bxg2+ 23. Kg1 Bxf1 24. Rxf1 exf5 25. Qc2 Rfb8 26. Nd3 Bf8 27. Rb1 Ra3 28. b4 cxb4 29. Bxd4 Qe4 0-1

[Event "Early-Titled-Tuesday-Blitz-April-16-2024"]
[Site "Chess.com"]
[Date "2024.04.16"]
[Round "1"]
[White "temiksmozg"]
[Black "AlainBruxelles"]
[Result "1-0"]
[WhiteElo "2651"]
[BlackElo "2350"]
[TimeControl "180+1"]
[EndTime "8:05:03 PDT"]
[Termination "temiksmozg won by resignation"]

1. d4 d5 2. c4 dxc4 3. e3 Nf6 4.
Bxc4 e6 5. Nf3 c5 6. O-O a6 7. a4 Nc6 8. Qe2 cxd4 9. Rd1 Be7 10. exd4 Nb4 11. Nc3 O-O 12. Ne5 b6 13. Bg5 Bb7 14.
Rac1 Nbd5 15. Nxd5 Nxd5 16. Bxe7 Qxe7 17. Bxd5 Bxd5 18. Rc3 f6 19. Nd3 Rac8 20. Nf4 Qb7 21. Nxd5 Qxd5 22. Qxa6 Ra8 23. Qxb6 Rxa4 24. b4 Rfa8 25.
h3 Ra1 26. Rxa1 Rxa1+ 27. Kh2 h6 28. Re3 e5 29. dxe5 fxe5 30. Qb8+ Kh7 31. Qxe5 Qd1 32. Qf5+ 1-0

[Event "Early-Titled-Tuesday-Blitz-April-16-2024"]
[Site "Chess.com"]
[Date "2024.04.16"]
[Round "1"]
[White "Itay121"]
[Black "dianamirza"]
[Result "1-0"]
[WhiteElo "2554"]
[BlackElo "1955"]
[TimeControl "180+1"]
[EndTime "8:05:03 PDT"]
[Termination "Itay121 won by resignation"]

1. e4 b6 2. d4 c5 3. d5 Bb7 4.
Nf3 g6 5. Nc3 Bg7 6. e5 d6 7. e6 fxe6 8. Bb5+ Kf8 9. Ng5 Bc8 10.
dxe6 Nh6 11. Qf3+ Bf6 12. Nge4 Nf5 13. Nxf6 exf6 14. Qxa8 Bxe6 15. O-O Nd4 16. Qxa7 Nxc2 17. Bh6+ 1-0

[Event "Early-Titled-Tuesday-Blitz-April-16-2024"]
[Site "Chess.com"]
[Date "2024.04.16"]
[Round "1"]
[White "Hikaru"]
[Black "jlf287"]
[Result "1-0"]
[WhiteElo "3273"]
[BlackElo "2543"]
[TimeControl "180+1"]
[EndTime "8:05:04 PDT"]
[Termination "Hikaru won by resignation"]

1. d4 d5 2. Bg5 Nf6 3. e3 c5 4. Bxf6 gxf6 5. dxc5 e6 6. a3 Bxc5 7. b4 Be7 8. Nd2 O-O 9. c4 dxc4 10. Bxc4 Nc6 11. Ngf3 f5 12. O-O Kh8 13. Qe2 Bf6 14.
Rad1 Qe7 15. e4 fxe4 16. Nxe4 Bg7 17. Nd6 e5 18. b5 Nd8 19. Rfe1 f6 20. Nh4 f5 21.
Qh5 Rf6 22. Ndxf5 Qf8 23. Bd3 Ne6 24. g3 e4 25. Bxe4 Nc5 26. Ne7 Rh6 27. Qxc5 1-0

[Event "Early-Titled-Tuesday-Blitz-April-16-2024"]
[Site "Chess.com"]
[Date "2024.04.16"]
[Round "1"]
[White "Levanzovsky"]
[Black "AlexeiShirov"]
[Result "1-0"]
[WhiteElo "2491"]
[BlackElo "2828"]
[TimeControl "180+1"]
[EndTime "8:05:04 PDT"]
[Termination "Levanzovsky won by resignation"]

1. e4 e5 2. Nf3 Nc6 3. Bb5 a6 4. Ba4 Nf6 5. O-O b5 6. Bb3 Bc5 7.
a4 Rb8 8. axb5 axb5 9. Nc3 d6 10. d3 h6 11. Be3 Bxe3 12. fxe3 O-O 13. Nh4 Ne7 14.
Rxf6 gxf6 15. Qh5 Kg7 16. Rf1 Ng6 17. Nf5+ Bxf5 18. exf5 c6 19. Rf3 d5 20. Rg3 Qe8 21.
e4 Ra8 22. exd5 Ra1+ 23. Kf2 Qe7 24. fxg6 Rh8 25. gxf7+ Kf8 26. Rg8+ Rxg8 27. fxg8=Q+ Kxg8 28. d6+ 1-0

[Event "Early-Titled-Tuesday-Blitz-April-16-2024"]
[Site "Chess.com"]
[Date "2024.04.16"]
[Round "1"]
[White "ValentunHulka"]
[Black "Laico"]
[Result "1-0"]
[WhiteElo "2791"]
[BlackElo "2446"]
[TimeControl "180+1"]
[EndTime "8:05:08 PDT"]
[Termination "ValentunHulka won by resignation"]

1. c4 e5 2. g3 Nc6 3. Bg2 f5 4. Nc3 Nf6 5. e3 Bb4 6. Nge2 O-O 7. a3 Bxc3 8. Nxc3 d6 9. d4 exd4 10. exd4 Re8+ 11. Be3 f4 12. gxf4 Ng4 13. Qd2 Nxe3 14. fxe3 Qh4+ 15. Kf1 Bh3 16. Nd5 Rac8 17. Bxh3 Qxh3+ 18. Qg2 Qf5 19. Rg1 Qd3+ 20. Qe2 Qf5 21. Rd1 Re6 22. Qg4 Qxg4 23. Rxg4 Kf7 24. Kf2 Ne7 25. Rdg1 g6 26. Nxe7 Rxe7 27. f5 Rg8 28. fxg6+ hxg6 29. Rf4+ Kg7 30. h4 Rge8 31. Rg3 Kh6 32. Rf6 Rg7 33. Kf3 Ree7 34. Rg5 Rgf7 35.
Rxg6+ 1-0

[Event "Early-Titled-Tuesday-Blitz-April-16-2024"]
[Site "Chess.com"]
[Date "2024.04.16"]
[Round "1"]
[White "Kildepiotr"]
[Black "Fernando_Offermann"]
[Result "0-1"]
[WhiteElo "2707"]
[BlackElo "2440"]
[TimeControl "180+1"]
[EndTime "8:05:13 PDT"]
[Termination "Fernando_Offermann won by resignation"]

1. Nf3 g6 2. g3 Bg7 3. d4 c5 4. c3 Qc7 5. Bg2 d5 6. O-O Nf6 7.
Bf4 Qb6 8. Qb3 Nc6 9. dxc5 Qxc5 10. Nbd2 O-O 11. Rad1 h6 12. Ne5 Rd8 13. Nd3 Qa5 14. Nf3 Ne4 15. Nfe5 Nxe5 16. Bxe5 Nf6 17. Nb4 e6 18. c4 Bd7 19. cxd5 exd5 20. Bxf6 Bxf6 21. Nxd5 Bg7 22. Rc1 Be6 23. e4 Rd7 24.
Rc2 Rad8 25. a3 f5 26. Qb4 Qxb4 27. Nxb4 a5 28. Nd5 fxe4 29. Nb6 Rd2 30. Rfc1 Rxc2 31. Rxc2 Rd1+ 32. Bf1 Bh3 0-1

[Event "Early-Titled-Tuesday-Blitz-April-16-2024"]
[Site "Chess.com"]
[Date "2024.04.16"]
[Round "1"]
[White "Daaksboy"]
[Black "Mackster23"]
[Result "0-1"]
[WhiteElo "2049"]
[BlackElo "2564"]
[TimeControl "180+1"]
[EndTime "8:05:14 PDT"]
[Termination "Mackster23 won by resignation"]

1. e4 c5 2. Nf3 d6 3. d4 cxd4 4. Nxd4 Nf6 5. Nc3 e5 6. Nf3 Nc6 7. Bc4 Be6 8. Bb3 Be7 9. O-O O-O 10. h3 Rc8 11. Be3 a6 12. Bxe6 fxe6 13. Ng5 Qd7 14.
Na4 Bd8 15. Qd3 h6 16. Nf3 Nb4 17. Qb3 Nxc2 18. Rad1 Nxe3 19. Nxe5 Qe8 20. Rxd6 Nxf1 21.
Rxe6 Nd2 0-1

[Event "Early-Titled-Tuesday-Blitz-April-16-2024"]
[Site "Chess.com"]
[Date "2024.04.16"]
[Round "1"]
[White "Sasha_Solovev_777"]
[Black "Vse_po_kaify"]
[Result "0-1"]
[WhiteElo "2201"]
[BlackElo "2584"]
[TimeControl "180+1"]
[EndTime "8:05:20 PDT"]
[Termination "Vse_po_kaify won by resignation"]

1. e4 e5 2. Nf3 Nf6 3. Nxe5 d6 4.
Nf3 Nxe4 5. Nc3 Nxc3 6. dxc3 Be7 7. Be3 Be6 8. Qd2 Nd7 9. Bd3 Nc5 10. Nd4 Qd7 11.
Nxe6 Qxe6 12. O-O O-O 13. b3 Bf6 14. Rae1 Nxd3 15. cxd3 Qf5 16. d4 Rfe8 17. Bf4 a6 18. c4 Re4 19. Rxe4 Qxe4 20. Be3 d5 21. c5 Re8 22. b4 c6 23. a4 h5 24. Re1 h4 25. h3 Bxd4 26. Kf1 Bxe3 27. Rxe3 Qb1+ 28. Ke2 Rxe3+ 29. fxe3 Qe4 30. Kf1 f6 31. Qe2 Qxb4 32.
Qh5 Qc4+ 33. Kf2 Qc2+ 34. Kg1 Qxc5 35. Qf7+ Kxf7 0-1

[Event "Early-Titled-Tuesday-Blitz-April-16-2024"]
[Site "Chess.com"]
[Date "2024.04.16"]
[Round "1"]
[White "Paralinch"]
[Black "WindWhistler11"]
[Result "0-1"]
[WhiteElo "2921"]
[BlackElo "2526"]
[TimeControl "180+1"]
[EndTime "8:05:21 PDT"]
[Termination "WindWhistler11 won by resignation"]

1. e4 e6 2. d4 d5 3. exd5 exd5 4. Nf3 Nc6 5. Bb5 Ne7 6. O-O Bg4 7. c3 g6 8. h3 Bf5 9. Ne5 Bg7 10. Bg5 f6 11. g4 Bxb1 12. Bxf6 Bxf6 13. Rxb1 a6 14. Ba4 b5 15. Nxc6 Nxc6 16. Re1+ Kf7 17. Bb3 Na5 18. Bc2 Nc4 19. b3 Na3 20. Rb2 Nxc2 21. Rxc2 Re8 22.
Rce2 Qd7 23. Qd3 Rxe2 24. Rxe2 Re8 25. Rc2 Re1+ 26. Kg2 c6 27. c4 dxc4 28. bxc4 Qxd4 29.
Qxd4 Bxd4 30. cxb5 cxb5 31. a4 b4 32. Rc7+ Re7 33.
Rc4 Bc3 34. Kf3 Rb7 0-1

[Event "Early-Titled-Tuesday-Blitz-April-16-2024"]
[Site "Chess.com"]
[Date "2024.04.16"]
[Round "1"]
[White "Juicy_Fork"]
[Black "DenLaz"]
[Result "0-1"]
[WhiteElo "2536"]
[BlackElo "3120"]
[TimeControl "180+1"]
[EndTime "8:05:22 PDT"]
[Termination "DenLaz won by resignation"]

1. e4 c5 2. Nf3 e6 3. d4 cxd4 4. Nxd4 Nc6 5. Nc3 Qc7 6. a3 a6 7.
Be3 Nf6 8. f4 d6 9. Qf3 Bd7 10.
O-O-O Rc8 11. g4 Nxd4 12. Rxd4 d5 13. exd5 Nxd5 14. Rc4 Bc6 15. Nxd5 exd5 16. Rd4 Bc5 17. Bd3 O-O 18. Qh3 g6 19. f5 Rfe8 20. f6 Qe5 21. Bf4 Qxd4 22. Bg5 Bb5 23. Bxg6 hxg6 24. Bh6 Re2 25.
Kb1 Rxc2 26. Kxc2 Bxa3+ 0-1

[Event "Early-Titled-Tuesday-Blitz-April-16-2024"]
[Site "Chess.com"]
[Date "2024.04.16"]
[Round "1"]
[White "NewYearGirl"]
[Black "Boundless_Strike"]
[Result "0-1"]
[WhiteElo "2351"]
[BlackElo "2651"]
[TimeControl "180+1"]
[EndTime "8:05:22 PDT"]
[Termination "Boundless_Strike won by resignation"]

1. e4 d6 2. d4 e5 3. dxe5 Nc6 4. Nf3 Bg4 5. exd6 Bxd6 6. Nc3 Qe7 7. h3 Bh5 8. Bd3 O-O-O 9. Qe2 Nd4 10. Qe3 Bxf3 11. Qxd4 Bxg2 12. Rg1 Be5 13. Qxa7 Bxc3+ 14. bxc3 Bxe4 15.
Bg5 f6 16. O-O-O Bxd3 17. Qa8+ Kd7 18. Rxd3+ Ke8 19. Qa4+ Kf8 20. Rxd8+ Qxd8 21. Rd1 Qe8 22. Be3 Qxa4 23. Bc5+ Kf7 24. Rd4 Qxa2 25. Kd2 Nh6 26. Rd7+ Kg6 27. f4 Nf5 0-1

[Event "Early-Titled-Tuesday-Blitz-April-16-2024"]
[Site "Chess.com"]
[Date "2024.04.16"]
[Round "1"]
[White "LiemLe"]
[Black "LoruF"]
[Result "1-0"]
[WhiteElo "3043"]
[BlackElo "2530"]
[TimeControl "180+1"]
[EndTime "8:05:24 PDT"]
[Termination "LiemLe won by resignation"]

1. Nf3 d6 2. d4 Nf6 3. g3 Nbd7 4. c4 e5 5. Nc3 exd4 6. Nxd4 Be7 7. Bg2 O-O 8. O-O c6 9. e4 Ne5 10. b3 Re8 11. f4 Ned7 12. Kh1 a5 13. Be3 Nc5 14. Qc2 Bf8 15. Rad1 Qc7 16. Bg1 Bg4 17. Rd2 Rad8 18. h3 Bc8 19. Rfd1 h5 20. Bf2 h4 21. g4 d5 22. e5 Nfe4 23. Nxe4 dxe4 24. Bxe4 Nxe4 25. Qxe4 Bb4 26. Bxh4 Bxd2 27. Bxd8 Rxd8 28. Rxd2 c5 29. Nb5 Qb6 30. Nd6 Bd7 31. Kh2 Bc6 32. Qf5 Rd7 33.
e6 fxe6 34. Qxe6+ Kh7 35. Re2 Rxd6 36. Qxd6 Qb4 37. Qd3+ Kg8 38. f5 Qb6 39. Qd6 Qb4 40. f6 Qc3 41. Qd8+ Kh7 42. f7 Qf3 43. Qh4+ Kg6 44. Qh5+ 1-0

[Event "Early-Titled-Tuesday-Blitz-April-16-2024"]
[Site "Chess.com"]
[Date "2024.04.16"]
[Round "1"]
[White "BilodeauA"]
[Black "Kotofeyca"]
[Result "1-0"]
[WhiteElo "2975"]
[BlackElo "2520"]
[TimeControl "180+1"]
[EndTime "8:05:24 PDT"]
[Termination "BilodeauA won on time"]

1. e4 c5 2. Nf3 d6 3. d4 cxd4 4. Nxd4 Nf6 5. Nc3 a6 6. Be2 e5 7.
Nb3 Be7 8. O-O O-O 9. Kh1 Be6 10. f4 Qc7 11. f5 Bc4 12. g4 h6 13. g5 hxg5 14.
Bxg5 Nbd7 15. Rg1 Rfd8 16. Bxc4 Qxc4 17. Qf3 d5 18. Qg2 Bf8 19. Bh6 Ne8 20. Nxd5 f6 21.
c3 1-0

[Event "Early-Titled-Tuesday-Blitz-April-16-2024"]
[Site "Chess.com"]
[Date "2024.04.16"]
[Round "1"]
[White "mokerslag"]
[Black "DominguezOnYoutube"]
[Result "0-1"]
[WhiteElo "2513"]
[BlackElo "2938"]
[TimeControl "180+1"]
[EndTime "8:05:25 PDT"]
[Termination "DominguezOnYoutube won by resignation"]

1. e4 c5 2. Nf3 d6 3. d4 cxd4 4.
Nxd4 Nf6 5. Nc3 a6 6. Be2 e5 7.
Nb3 Be6 8. f4 b5 9. f5 Bc4 10.
Bxc4 bxc4 11. Nd2 d5 12. exd5 Bb4 13. Nxc4 O-O 14. Bg5 Nbd7 15. O-O Bxc3 16. bxc3 Rc8 17. Bxf6 Qxf6 18. Qd3 e4 19. Qxe4 Qxc3 20. Qe7 Nf6 21.
Nb6 Qd4+ 22. Qe3 Qxe3+ 0-1

[Event "Early-Titled-Tuesday-Blitz-April-16-2024"]
[Site "Chess.com"]
[Date "2024.04.16"]
[Round "1"]
[White "chito89"]
[Black "ploxoi"]
[Result "1-0"]
[WhiteElo "2716"]
[BlackElo "2415"]
[TimeControl "180+1"]
[EndTime "8:05:26 PDT"]
[Termination "chito89 won by resignation"]

1. Nf3 d5 2. e3 Nf6 3. c4 c6 4. Nc3 Bf5 5. cxd5 cxd5 6. Qb3 Qb6 7. Nxd5 Qxb3 8. Nxf6+ gxf6 9. axb3 Nc6 10. Bb5 e5 11. d4 e4 12. Nh4 Be6 13. Bd2 Kd7 14. f3 f5 15. fxe4 fxe4 16. O-O Bxb3 17. Bc3 Bd5 18. Rf5 Ke6 19. Raf1 Be7 20. g3 Rhg8 21. Ng2 a6 22. Be2 Bd6 23. Rxf7 Ne7 24. Rxh7 Nf5 25. g4 Ne7 26. h4 Rac8 27. g5 b5 28. Bg4+ 1-0

[Event "Early-Titled-Tuesday-Blitz-April-16-2024"]
[Site "Chess.com"]
[Date "2024.04.16"]
[Round "1"]
[White "Durarbayli"]
[Black "zverr1"]
[Result "1-0"]
[WhiteElo "2879"]
[BlackElo "2496"]
[TimeControl "180+1"]
[EndTime "8:05:27 PDT"]
[Termination "Durarbayli won by checkmate"]

1. e4 c5 2. Nf3 Nc6 3. Nc3 g6 4. d4 cxd4 5. Nxd4 Bg7 6. Be3 Nf6 7. Bc4 Qa5 8. O-O O-O 9. h3 d6 10. Re1 Bd7 11. Qe2 Rac8 12. Rad1 a6 13. Bb3 Nxd4 14.
Bxd4 Bc6 15. Nd5 Bxd5 16. exd5 Rfe8 17. Rd3 Nh5 18. g3 Bxd4 19. Rxd4 Rc7 20. c3 Nf6 21. Rf4 Nd7 22. Qf3 f6 23. Qg4 Ne5 24. Qe6+ Kg7 25.
Re3 Qb5 26. Ba4 Qxb2 27. Bxe8 Qb1+ 28. Kg2 Nd3 29. Qf7+ Kh6 30. Rh4+ Kg5 31. Rg4+ Kf5 32. Qe6# 1-0

[Event "Early-Titled-Tuesday-Blitz-April-16-2024"]
[Site "Chess.com"]
[Date "2024.04.16"]
[Round "1"]
[White "kekic76"]
[Black "Andrei_Skvortsov"]
[Result "0-1"]
[WhiteElo "2356"]
[BlackElo "2655"]
[TimeControl "180+1"]
[EndTime "8:05:29 PDT"]
[Termination "Andrei_Skvortsov won on time"]

1. d4 g6 2. c4 Bg7 3. Nc3 e6 4. Nf3 Ne7 5. e4 d5 6. cxd5 exd5 7. e5 Nd7 8. Bg5 f6 9. exf6 Nxf6 10. Ne5 O-O 11.
Be2 c6 12. O-O Nf5 13. Ng4 Qb6 14. Nxf6+ Bxf6 15. Bxf6 Rxf6 16. Na4 Qxd4 17. Qb3 Nd6 18.
Rad1 Qh4 19. Nc5 Kg7 20. Bf3 Qc4 21. Qe3 Nf5 22. Qc3 Qxc3 23. bxc3 Nd6 24. Nd3 Bf5 25. Nb4 Re8 26. Rfe1 Rxe1+ 0-1

[Event "Early-Titled-Tuesday-Blitz-April-16-2024"]
[Site "Chess.com"]
[Date "2024.04.16"]
[Round "1"]
[White "Rawnsdale"]
[Black "Oleksandr_Bortnyk"]
[Result "0-1"]
[WhiteElo "2528"]
[BlackElo "3035"]
[TimeControl "180+1"]
[EndTime "8:05:31 PDT"]
[Termination "Oleksandr_Bortnyk won by resignation"]

1. Nf3 Nf6 2. g3 b6 3. Bg2 Bb7 4. O-O g6 5. d4 Bg7 6. c4 O-O 7. Nc3 Ne4 8. Bd2 Re8 9. Qc2 Nxd2 10. Qxd2 d6 11. Ng5 Bxg2 12. Kxg2 c5 13. Qf4 Rf8 14.
dxc5 bxc5 15. Rfd1 Nc6 16. h4 Rb8 17. Rab1 Qc8 18. h5 h6 19. Nf3 g5 20. Qe4 f5 21.
Qd5+ Rf7 22. e3 Nb4 23. Qd2 Qe6 24. a3 Nc6 25. Nd5 Qe4 26. Nc3 Bxc3 27. Qxc3 Ne5 0-1

[Event "Early-Titled-Tuesday-Blitz-April-16-2024"]
[Site "Chess.com"]
[Date "2024.04.16"]
[Round "1"]
[White "HamedWafa4"]
[Black "Masterbeaterr"]
[Result "0-1"]
[WhiteElo "2801"]
[BlackElo "2481"]
[TimeControl "180+1"]
[EndTime "8:05:32 PDT"]
[Termination "Masterbeaterr won by resignation"]

1. e4 e5 2. Nf3 Nc6 3. Bb5 a6 4. Ba4 Nf6 5. O-O Nxe4 6. d4 b5 7. Bb3 d5 8. dxe5 Be6 9. Qe2 Be7 10. Be3 O-O 11. c3 Na5 12. Bc2 Nc4 13. Bc1 Bg4 14.
b3 Nxe5 15. Bxe4 dxe4 16. Qxe4 Nxf3+ 17. gxf3 Bh3 18. Re1 Bd6 19. Bf4 Re8 20. Qxe8+ Qxe8 21. Rxe8+ Rxe8 22. Be3 Bc5 23. Nd2 Bxe3 24. Re1 Bxf2+ 25. Kxf2 Rxe1 26. Kxe1 Bf5 27. b4 f6 28. Nb3 Kf7 29.
Nc5 Bc8 30. Kf2 g5 31. Ke3 Ke7 32. Kd4 h5 33. Ke4 Kd6 34. a4 f5+ 35. Ke3 Ke5 36. a5 f4+ 37. Ke2 Kd5 38. Ne4 g4 39.
Nf6+ Kc4 40. Nxh5 gxf3+ 41. Kxf3 Kxc3 42. Nxf4 Kxb4 43. h4 Kxa5 44. h5 Bf5 45. Kg3 b4 46. Kh4 b3 47. Ne2 b2 0-1

[Event "Early-Titled-Tuesday-Blitz-April-16-2024"]
[Site "Chess.com"]
[Date "2024.04.16"]
[Round "1"]
[White "fly_21"]
[Black "Veleamater"]
[Result "0-1"]
[WhiteElo "2656"]
[BlackElo "2395"]
[TimeControl "180+1"]
[EndTime "8:05:32 PDT"]
[Termination "Veleamater won by resignation"]

1. d4 d6 2. Nf3 g6 3. c4 Bg7 4. Nc3 Nf6 5. e4 O-O 6. Be2 Nc6 7. O-O e5 8. d5 Ne7 9. b4 Ne8 10. c5 h6 11. a4 f5 12. Nd2 h5 13. f3 f4 14. a5 Rf7 15. a6 b6 16. Nc4 g5 17.
Ra2 Ng6 18. g4 fxg3 19. hxg3 Bf8 20. c6 Rg7 21. Kf2 g4 22. fxg4 h4 23. Rh1 Be7 24. Bf3 Bg5 25. Ne3 hxg3+ 26. Kg1 Nh4 27. Bd2 Nf6 28.
Nf5 Bxf5 29. Bxg5 Nxf3+ 30. Qxf3 Rxg5 31. gxf5 Qe7 32. Rg2 Qg7 33. Ne2 Kf7 34. Rh3 Rg8 35. Rhxg3 Qh6 36. Kf2 Qh4 37. Kg1 Nxe4 38. Rxg5 Nxg5 0-1

[Event "Early-Titled-Tuesday-Blitz-April-16-2024"]
[Site "Chess.com"]
[Date "2024.04.16"]
[Round "1"]
[White "Djager97"]
[Black "DonCiao"]
[Result "1-0"]
[WhiteElo "2560"]
[BlackElo "2045"]
[TimeControl "180+1"]
[EndTime "8:05:32 PDT"]
[Termination "Djager97 won by checkmate"]

1. e4 c5 2. Nf3 Nc6 3. d4 cxd4 4. Nxd4 Nf6 5. Nc3 e5 6. Ndb5 d6 7. Bg5 a6 8. Na3 b5 9. Nd5 Be7 10. Bxf6 Bxf6 11. c4 b4 12. Nc2 a5 13. g3 Bg5 14.
Bg2 O-O 15. O-O Be6 16. Qd3 Nb8 17. Rad1 Nd7 18. f4 exf4 19. gxf4 Bh6 20. Kh1 Ra6 21. Nd4 Nc5 22. Qg3 Bxd5 23. cxd5 Re8 24. e5 dxe5 25. fxe5 Rg6 26. Nc6 Qb6 27. Qf3 f6 28. e6 Nb7 29. d6 Rxe6 30. d7 Nd8 31. Nxd8 Qxd8 32. Qd5 Kf7 33. Rde1 f5 34. Rxf5+ Ke7 35. Qc5+ Kxd7 36.
Rd1+ Rd6 37. Qa7+ Ke6 38. Qf7# 1-0

[Event "Early-Titled-Tuesday-Blitz-April-16-2024"]
[Site "Chess.com"]
[Date "2024.04.16"]
[Round "1"]
[White "gurelediz"]
[Black "dosto07"]
[Result "1-0"]
[WhiteElo "2945"]
[BlackElo "2515"]
[TimeControl "180+1"]
[EndTime "8:05:33 PDT"]
[Termination "gurelediz won by resignation"]

1. e4 e5 2. Nf3 Nc6 3. Nc3 Nf6 4.
Bb5 Bb4 5. O-O O-O 6. d3 Bxc3 7.
bxc3 d6 8. Bxc6 bxc6 9. Bg5 h6 10. Bh4 g5 11. Bg3 Bg4 12. Re1 Re8 13. Rb1 Rb8 14. Rxb8 Qxb8 15. h3 Bh5 16. d4 exd4 17. Qxd4 Nd7 18.
Nd2 Bg6 19. Rb1 Qa8 20. f3 c5 21. Qf2 Qc6 22. h4 f6 23. Nc4 Qa6 24. Ne3 Qxa2 25. Rb7 Qa5 26. Nd5 Nb6 27. Nxf6+ Kf7 28. Nxe8 Kxe8 29.
Rxc7 Qxc3 30. Bxd6 Nc4 31. Bxc5 Qa1+ 32. Kh2 Qe5+ 33. Qg3 gxh4 34. Qxe5+ Nxe5 35. Re7+ 1-0

[Event "Early-Titled-Tuesday-Blitz-April-16-2024"]
[Site "Chess.com"]
[Date "2024.04.16"]
[Round "1"]
[White "KnightDuta"]
[Black "NikFil2013"]
[Result "1-0"]
[WhiteElo "2753"]
[BlackElo "2431"]
[TimeControl "180+1"]
[EndTime "8:05:36 PDT"]
[Termination "KnightDuta won by checkmate"]

1. e4 c5 2. Nf3 d6 3. d4 cxd4 4. Nxd4 Nf6 5. Nc3 a6 6. Bg5 e6 7.
f4 Be7 8. Qf3 O-O 9. O-O-O Qc7 10.
g4 Nbd7 11. Bg2 Rb8 12. h4 b5 13. h5 b4 14. Nce2 Bb7 15. Ng3 Qa5 16. Kb1 Rfe8 17.
Bxf6 Bxf6 18. g5 Bxd4 19. Rxd4 Qc5 20. Qd3 e5 21. Rxd6 exf4 22. Rxd7 fxg3 23. g6 fxg6 24. Qb3+ Kh8 25. hxg6 h6 26. Rxh6+ gxh6 27. Rh7# 1-0

[Event "Early-Titled-Tuesday-Blitz-April-16-2024"]
[Site "Chess.com"]
[Date "2024.04.16"]
[Round "1"]
[White "YegoryoCh"]
[Black "IshviAggarwal"]
[Result "1-0"]
[WhiteElo "2572"]
[BlackElo "2138"]
[TimeControl "180+1"]
[EndTime "8:05:36 PDT"]
[Termination "YegoryoCh won by resignation"]

1. e4 e6 2. d4 d5 3. e5 c5 4. c3 Nc6 5. Nf3 Qb6 6. Bd3 Bd7 7. O-O cxd4 8. Re1 O-O-O 9. Nbd2 dxc3 10. bxc3 Bc5 11.
Qe2 d4 12. Nc4 Qc7 13. cxd4 Nxd4 14. Nxd4 Bxd4 15. Nd6+ Kb8 16. Rb1 Bc6 17. Be4 Bxe5 18. Bxc6 Bxh2+ 19. Kh1 b6 20. Nb5 Qxc6 21. Kxh2 Nf6 22.
Bf4+ Kb7 23. Rec1 1-0

[Event "Early-Titled-Tuesday-Blitz-April-16-2024"]
[Site "Chess.com"]
[Date "2024.04.16"]
[Round "1"]
[White "Eloist"]
[Black "chessfatbear"]
[Result "0-1"]
[WhiteElo "2491"]
[BlackElo "2862"]
[TimeControl "180+1"]
[EndTime "8:05:37 PDT"]
[Termination "chessfatbear won on time"]

1. e4 c5 2. Nf3 d6 3. Bb5+ Bd7 4. Bxd7+ Qxd7 5. c4 Nf6 6. Nc3 g6 7. d4 cxd4 8. Nxd4 Bg7 9. f3 O-O 10. Be3 Nc6 11. O-O Rfc8 12. b3 Qd8 13. Nxc6 bxc6 14. Qd2 Nd7 15. Rac1 Qa5 16. Na4 Qxd2 17. Bxd2 Bd4+ 18.
Kh1 Nb6 19. Nc3 a5 20. Ne2 Bc5 21. f4 Nd7 22. Bc3 Rcb8 23. Rb1 Nf6 24. Bxf6 exf6 25. Nc3 Re8 26. Rfe1 Bb4 27. Rbc1 a4 28. Red1 axb3 29. axb3 Ra3 30. Kg1 Rxb3 31. Na2 Bc5+ 32. Kh1 Rxe4 0-1

[Event "Early-Titled-Tuesday-Blitz-April-16-2024"]
[Site "Chess.com"]
[Date "2024.04.16"]
[Round "1"]
[White "PolandHussars"]
[Black "Burgsvik"]
[Result "1-0"]
[WhiteElo "2600"]
[BlackElo "2239"]
[TimeControl "180+1"]
[EndTime "8:05:37 PDT"]
[Termination "PolandHussars won by checkmate"]

1. e4 c5 2. Ne2 Nc6 3. g3 d6 4.
Bg2 Bd7 5. c3 Qc8 6. h3 g6 7. d4 Bg7 8. Be3 h5 9. dxc5 dxc5 10.
Bxc5 h4 11. g4 b6 12. Be3 Ne5 13. Na3 Nf6 14. f4 Nexg4 15. hxg4 Nxg4 16. Bd4 e5 17.
fxe5 Nxe5 18. Nf4 g5 19. Nd5 Bg4 20. Qa4+ Bd7 21. Nb5 a6 22. Nd6+ Kf8 23. Qa3 Qb8 24. Nf5+ Kg8 25. Nxg7 Kxg7 26. Qe7 Re8 27. Qxd7 Kg6 28.
Qf5+ Kh5 29. O-O-O b5 30. Qh7+ Kg4 31. Bh3+ Kg3 32.
Rdg1+ Kf3 33. Qf5+ Ke2 34. Bf1+ Ke1 35. Bf2# 1-0

[Event "Early-Titled-Tuesday-Blitz-April-16-2024"]
[Site "Chess.com"]
[Date "2024.04.16"]
[Round "1"]
[White "DanylaBagrov"]
[Black "Kirill_Klukin"]
[Result "0-1"]
[WhiteElo "2473"]
[BlackElo "2832"]
[TimeControl "180+1"]
[EndTime "8:05:39 PDT"]
[Termination "Kirill_Klukin won by checkmate"]

1. d4 Nf6 2. c4 Nc6 3. d5 Ne5 4. Nc3 e6 5. e4 Bb4 6. Qc2 exd5 7. cxd5 O-O 8. Bf4 Ng6 9. Bg5 h6 10. Bxf6 Qxf6 11. O-O-O c6 12. Nf3 d6 13. Be2 Bg4 14.
Kb1 Rac8 15. dxc6 bxc6 16. Nd4 Bd7 17. Ba6 Rb8 18. Rhf1 Rb6 19. Bc4 Ne5 20. Bb3 Bxc3 21. Qxc3 c5 22. Nf3 Bg4 23. Rd5 Bxf3 24. gxf3 Rfb8 25.
Rfd1 c4 26. Bc2 Rxb2+ 27. Qxb2 Rxb2+ 28. Kxb2 Nd3+ 29. Ka3 Qb2+ 30. Ka4 Qb4# 0-1

[Event "Early-Titled-Tuesday-Blitz-April-16-2024"]
[Site "Chess.com"]
[Date "2024.04.16"]
[Round "1"]
[White "ContrVersia"]
[Black "Cheer_Down"]
[Result "1-0"]
[WhiteElo "2895"]
[BlackElo "2499"]
[TimeControl "180+1"]
[EndTime "8:05:41 PDT"]
[Termination "ContrVersia won by resignation"]

1. Nf3 d5 2. c4 e6 3. g3 Nf6 4. b3 Be7 5. Bg2 O-O 6. O-O b6 7. Bb2 Bb7 8. Nc3 d4 9. Nb5 c5 10. e3 a6 11. Na3 d3 12. Nb1 Ra7 13. Nc3 Nc6 14. Ne1 Ne5 15. Bxb7 Rxb7 16. f4 Nc6 17. Qf3 Rc7 18. Rd1 Nb4 19. e4 Qd4+ 20. Kh1 Nxa2 21.
Nxd3 Nxc3 22. Rfe1 Rd8 23. dxc3 Qd7 24. e5 Ne8 25. Nxc5 Qc8 26. Rxd8 Qxd8 27. Nxa6 Ra7 28. Nb4 Bxb4 29. cxb4 Ra2 30. Bc3 Rc2 31. Rd1 Qc8 32. Rd2 Rc1+ 33. Kg2 b5 34. Bb2 Rb1 35. Qe4 g6 36. Qxb1 Ng7 1-0